 Dungeon Crawl Stone Soup version 0.25-a0-365-g7600c65aa0 (webtiles) character file.

Game seed: 7530833818242477325, levelgen mode: deterministic

17 Inarius the Skirmisher (level 2, 0/24 HPs)
             Began as a Demonspawn Abyssal Knight on Jan 5, 2020.
             Was a Follower of Lugonu.
             Slain by a hobgoblin (1 damage)
             ... on level 2 of the Dungeon.
             The game lasted 00:01:06 (797 turns).

Inarius the Skirmisher (Demonspawn Abyssal Knight)   Turns: 797, Time: 00:01:06

Health: 0/24       AC:  7    Str: 12    XL:     2   Next: 44%
Magic:  4/4        EV: 10    Int: 13    God:    Lugonu [*.....]
Gold:   27         SH:  0    Dex: 12    Spells: 1/1 levels left

rFire    . . .     SeeInvis .   a - +1 hand axe
rCold    . . .     Gourm    .   (no shield)
rNeg     . . .     Faith    .   g - +2 ring mail {MR+}
rPois    .         Spirit   .   (helmet restricted)
rElec    .         Reflect  .   (no cloak)
rCorr    .         Harm     .   (no gloves)
MR       +....                  (no boots)
Stlth    +.........             (no amulet)
HPRegen  0.08/turn              (no ring)
MPRegen  0.09/turn              (no ring)

@: no status effects
A: horns 1
a: Depart the Abyss, Renounce Religion


You were on level 2 of the Dungeon.
You worshipped Lugonu.
Lugonu was aware of your devotion.
You were not hungry.

You visited 1 branch of the dungeon, and saw 2 of its levels.
You visited the Abyss 1 time.

You collected 27 gold pieces.

Inventory:

Hand Weapons
 a - a +1 hand axe (weapon)
Armour
 f - a +0 scale mail
 g - a +2 ring mail of magic resistance (worn)
Scrolls
 d - a scroll of teleportation {unknown}
 h - 2 scrolls of enchant armour {unknown}
 i - a scroll of magic mapping {unknown}
 k - a scroll of fog {unknown}
 l - a scroll of identify {unknown}
 m - a scroll of amnesia {unknown}
Potions
 e - a potion of curing {unknown}
 j - a potion of agility {unknown}
Comestibles
 b - a chunk of flesh
 c - a ration


   Skills:
 + Level 3.3 Fighting
 + Level 2.1 Axes
 + Level 1.9 Armour
 + Level 0.8 Dodging
 + Level 2.7 Invocations


You had one spell level left.
You didn't know any spells.
Your spell library was empty.

Dungeon Overview and Level Annotations

Branches:
Dungeon (2/15)

Altars:


Innate Abilities, Weirdness & Mutations

You have a pair of small horns on your head.


Message History

The hobgoblin completely misses you.
You closely miss the hobgoblin.
The hobgoblin is lightly wounded.
You hit the ogre. The ogre completely misses you.
The hobgoblin closely misses you.
You hit the ogre.
The ogre is moderately wounded.
You hit the hobgoblin but do no damage.
The ogre hits you with a +0 giant spiked club.
The hobgoblin closely misses you.
You hit the ogre.
The ogre is moderately wounded.
You hit the hobgoblin. You closely miss the hobgoblin.
The hobgoblin hits you but does no damage. x2
The ogre hits you with a +0 giant spiked club!!
Ouch! That really hurt!
* * * LOW HITPOINT WARNING * * *
Okay, then.
The hobgoblin hits you.
You die...

.. #...#.#. #.##
#.. #.#.##### #...?
#.. #.#....<# #....
..( #.#.#..รท#
#.....#.# #.# ##..#
......#.# #.####..#
.......O#+#.......#
#...g.....####.#
+...g@....# #.#
#$........# #.#
#.........# #..
#.........# ##
#.........#
#.........#
#.........#
###########


You could see an ogre and 2 hobgoblins.

Vanquished Creatures
  An ooze (D:1)
  2 bats (D:1)
  A goblin (D:1)
  3 hobgoblins (D:1)
  A quokka (D:2)
  2 kobolds (D:1)
  2 rats (D:1)
12 creatures vanquished.

Notes
Turn   | Place    | Note
-------+----------+-------------------------------------------
     0 | Abyss:1  | Inarius the Demonspawn Abyssal Knight began the quest for
                  | the Orb.
     0 | Abyss:1  | Reached XP level 1. HP: 18/18 MP: 2/2
    39 | Abyss:1  | Noticed a small abomination
    45 | Abyss:1  | Noticed a wretched star
    47 | D:1      | Escaped the Abyss
   443 | D:1      | Reached * piety under Lugonu
   448 | D:1      | Gained mutation: You have a pair of small horns on your
                  | head. [demonic ancestry]
   448 | D:1      | Reached XP level 2. HP: 22/24 MP: 3/3
   791 | D:2      | Noticed an ogre
   796 | D:2      | HP: 1/24 [ogre/+0 giant spiked club (18)]
   797 | D:2      | Slain by a hobgoblin

Levels and vault maps discovered:
D:1:      onia_arrival_pentagram, layout_basic, amethyst_killhole, fountainhead,
          minmay_cupped
D:2:      layout_basic, lemuel_crystal_altar, gammafunk_temple_overflow_elements

Skill      XL: |  1 |
---------------+----+-----
Axes           | 2 |  2.1
Fighting       | |  3.3
Armour         | |  1.9
Dodging        | |  0.8
Invocations    | |  2.7

Action                   || total
-------------------------++-------
Melee: Hand axe          ||    42
       Headbutt          ||     2
Invok: Depart the Abyss  ||     1
Armor: Scale mail        ||     6
       Ring mail         ||     8
       Leather armour    ||     1
Dodge: Dodged            ||    27

Table legend:
 A = Non-vault XP
 B = Vault XP
 C = Vault XP percentage of total XP
 D = Non-vault monster count
 E = Vault monster count
 F = Vault count percentage of total count
                 A         B        C        D         E       F
            +---------+---------+-------+---------+---------+-------
      Total |      17 |       8 |  32.0 |      10 |       2 |  16.7
            +---------+---------+-------+---------+---------+-------
        D:1 |      15 |       8 |  34.8 |       9 |       2 |  18.2
        D:2 |       2 |       0 |   0.0 |       1 |       0 |   0.0
            +---------+---------+-------+---------+---------+-------
